 Dungeon Crawl Stone Soup version 0.25-a0-87-ga3d287b (webtiles) character file.

Game seed: 14133280722958491808, levelgen mode: deterministic

83 sighowe the Skirmisher (level 4, -2/37 HPs)
             Began as a Demonspawn Abyssal Knight on Nov 11, 2019.
             Was a Believer of Lugonu.
             Slain by Sigmund
             ... wielding a +0 scythe of protection
              (9 damage)
             ... on level 2 of the Dungeon.
             The game lasted 00:10:19 (1544 turns).

sighowe the Skirmisher (Demonspawn Abyssal Knight)  Turns: 1544, Time: 00:10:20

Health: -2/37      AC: 13    Str: 10 (13) XL:     4   Next: 22%
Magic:  6/6        EV:  1    Int: 11 (13) God:    Lugonu [**....]
Gold:   142        SH:  0    Dex: 11 (13) Spells: 3/3 levels left

rFire    . . .     SeeInvis .   f - +1 dagger (elec)
rCold    . . .     Gourm    .   (no shield)
rNeg     . . .     Faith    .   d - +1 plate armour
rPois    .         Spirit   .   (no helmet)
rElec    .         Reflect  .   (no cloak)
rCorr    .         Harm     .   (no gloves)
MR       .....                  (no boots)
Stlth    ..........             (no amulet)
HPRegen  0.12/turn              (no ring)
MPRegen  0.10/turn              (no ring)

@: no status effects
A: slimy green scales 1
a: Depart the Abyss, Bend Space, Renounce Religion


You were on level 2 of the Dungeon.
You worshipped Lugonu.
Lugonu was pleased with you.
You were not hungry.

You visited 1 branch of the dungeon, and saw 2 of its levels.
You visited the Abyss 1 time.

You collected 142 gold pieces.

Inventory:

Hand Weapons
 a - a +1 spear
 f - a +1 dagger of electrocution (weapon)
Missiles
 e - 42 stones (quivered)
Armour
 d - a +1 plate armour (worn)
 h - a +0 leather armour
Scrolls
 g - 2 scrolls of teleportation
 i - 3 scrolls of identify
Comestibles
 c - 4 rations


   Skills:
 * Level 4.0 Fighting
 * Level 0.5 Short Blades
 + Level 2.7 Polearms
 + Level 1.9 Armour
 + Level 1.1 Dodging
 * Level 3.0 Invocations


You had 3 spell levels left.
You didn't know any spells.
Your spell library was empty.

Dungeon Overview and Level Annotations

Branches:
Dungeon (2/15)

Altars:
Qazlal
Ru
Uskayaw

Annotations:
D:2 Sigmund


Innate Abilities, Weirdness & Mutations

You are partially covered in slimy green scales. (AC +2)


Message History

You closely miss Sigmund.
Sigmund is lightly wounded.
Sigmund gestures at you while chanting. The magic dart hits you.
You closely miss Sigmund.
Sigmund is lightly wounded.
Sigmund points at you and mumbles some strange words.
You are confused.
Unknown command.
Okay, then.
Sigmund hits you from afar with a +0 scythe of protection!
Unknown command.
You aren't carrying any potions.
You bump into the rock wall.
Sigmund hits you but does no damage.
Sigmund hits you with a +0 scythe of protection.
* * * LOW HITPOINT WARNING * * *
You bump into the rock wall.
You feel less confused.
Sigmund hits you with a +0 scythe of protection!
You die...

######### #........
#........ #........
#.....>..
#######........
#######.@.....!......
#......@#####........
##..###.######.<......
#...........######.###
. #.####.####.# #.# #.
##.....##.# #.# ##..
#.......#.# #.# ...
..#.......#.# #.##.#
#....)._.....# ##.#..#
# ##.#.......#.##
##....####


You could see Sigmund.

Vanquished Creatures
  2 adders (D:2)
  An ooze (D:1)
  2 worms (D:2)
  2 dart slugs (D:1)
  A leopard gecko (D:2)
  A ball python (D:2)
  6 giant cockroaches
  4 hobgoblins
  4 jackals (D:2)
  A quokka (D:2)
  7 bats
  3 frilled lizards
  7 goblins
  4 kobolds
  5 rats (D:1)
50 creatures vanquished.

Notes
Turn   | Place    | Note
-------+----------+-------------------------------------------
     0 | Abyss:1  | sighowe the Demonspawn Abyssal Knight began the quest for
                  | the Orb.
     0 | Abyss:1  | Reached XP level 1. HP: 18/18 MP: 2/2
   138 | Abyss:1  | Noticed a raiju
   140 | D:1      | Escaped the Abyss
   356 | D:1      | Reached * piety under Lugonu
   374 | D:1      | Gained mutation: You are partially covered in slimy green
                  | scales. (AC +2) [demonic ancestry]
   374 | D:1      | Reached XP level 2. HP: 15/24 MP: 4/4
   761 | D:1      | Reached skill level 1 in Dodging
   795 | D:1      | Reached XP level 3. HP: 30/30 MP: 5/5
  1166 | D:2      | Found a sacrificial altar of Ru.
  1289 | D:2      | Reached XP level 4. HP: 37/37 MP: 6/6
  1342 | D:2      | Reached ** piety under Lugonu
  1378 | D:2      | Found a stormy altar of Qazlal.
  1384 | D:2      | Reached skill level 4 in Fighting
  1496 | D:2      | Found a hide-covered altar of Uskayaw.
  1514 | D:2      | Noticed Sigmund
  1544 | D:2      | Slain by Sigmund

Levels and vault maps discovered:
D:1:      scummos_arrival_gate, layout_basic
D:2:      layout_rooms, hangedman_ru_absence, old_standard_altar,
          nicolae_overflow_crystal_walls, uniq_sigmund

Skill      XL: |  1  2  3  4 |
---------------+-------------+-----
Polearms       | 2 |  2.7
Dodging        | 1 |  1.1
Invocations    | 3 |  3.0
Fighting       | 4 |  4.0
Short Blades   | |  0.5
Armour         | |  1.9

Action                   |  1- 3 |  4- 6 || total
-------------------------+-------+-------++-------
Melee: Spear             |    79 |     6 ||    85
       Dagger            |    36 |    30 ||    66
Throw: Stone             |     1 |       ||     1
Invok: Depart the Abyss  |     1 |       ||     1
  Use: Potion            |     2 |     1 ||     3
       Scroll            |     2 |       ||     2
  Eat: Chunk             |     1 |       ||     1
       Ration            |       |     1 ||     1
Armor: Leather armour    |     7 |       ||     7
       Plate armour      |    66 |    23 ||    89
Dodge: Dodged            |    45 |     3 ||    48

Table legend:
 A = Non-vault XP
 B = Vault XP
 C = Vault XP percentage of total XP
 D = Non-vault monster count
 E = Vault monster count
 F = Vault count percentage of total count
                 A         B        C        D         E       F
            +---------+---------+-------+---------+---------+-------
      Total |     119 |       0 |   0.0 |      50 |       0 |   0.0
            +---------+---------+-------+---------+---------+-------
        D:1 |      54 |       0 |   0.0 |      30 |       0 |   0.0
        D:2 |      65 |       0 |   0.0 |      20 |       0 |   0.0
            +---------+---------+-------+---------+---------+-------
